 Dungeon Crawl Stone Soup version 0.28.0-45-g0d030f2227 (webtiles) character file.

Game seed: 3202210205082488395

1305 zeratav the Digger (level 8, 0/52 HPs)
             Began as a Gargoyle Earth Elementalist on Apr 5, 2022.
             Was a Believer of Vehumet.
             Slain by an ice beast (9 damage)
             ... on level 6 of the Dungeon.
             The game lasted 00:19:42 (5767 turns).

zeratav the Digger (Gargoyle Earth Elementalist)    Turns: 5767, Time: 00:19:43

Health: 0/52       AC: 11    Str: 12    XL:     8   Next: 57%
Magic:  6/14       EV: 11    Int: 18    God:    Vehumet [**....]
Gold:   249        SH:  0    Dex: 10    Spells: 9/15 levels left

rFire   + . .      SeeInvis .   z - +2 hand axe (vorpal)
rCold   . . .      Faith    .   (no shield)
rNeg    + + .      Spirit   .   s - +0 leather armour
rPois   ∞          Reflect  .   (no helmet)
rElec   +          Harm     .   g - scarf {+Inv}
rCorr   .          Rampage  .   (no gloves)
Will    .....                   i - +2 pair of boots
Stlth   ++........              (no amulet)
HPRegen 0.17/turn               p - ring of protection from fire
MPRegen 0.14/turn               r - ring of positive energy

@: no status effects
A: sickness immunity, AC +5, negative energy resistance 1, electricity
resistance, torment resistance 1, petrification resistance
a: Renounce Religion, Evoke Invisibility


You were on level 6 of the Dungeon.
You worshipped Vehumet.
Vehumet was pleased with you.
You visited 1 branch of the dungeon, and saw 6 of its levels.
You also visited: Sewer.

You collected 249 gold pieces.

Inventory:

Hand Weapons
 z - a +2 vorpal hand axe (weapon)
Missiles
 c - 89 stones
Armour
 b - a +0 robe
 g - a scarf of invisibility (worn)
 i - a +2 pair of boots (worn)
 s - a +0 leather armour (worn)
 y - a +0 kite shield
Jewellery
 p - a ring of protection from fire (left hand)
 r - a ring of positive energy (right hand)
 t - a +4 ring of evasion
 u - an amulet of guardian spirit
Wands
 m - a wand of digging (9)
 x - a wand of paralysis (9)
Scrolls
 a - 3 scrolls of immolation
 d - 2 scrolls of fog
 f - a scroll of identify
 j - 2 scrolls of blinking
 k - 3 scrolls of vulnerability
 l - 2 scrolls of teleportation
Potions
 e - 4 potions of lignification
 h - a potion of berserk rage {unknown}
 n - a potion of haste {unknown}
 v - 2 potions of curing


   Skills:
 * Level 6.3 Fighting
 - Level 1.5 Dodging
 - Level 2.1 Stealth
 + Level 4.1 Spellcasting
 - Level 0.7 Transmutations
 * Level 7.9 Earth Magic
 + Level 3.3 Evocations


You had 9 spell levels left.
You knew the following spells:

 Your Spells              Type           Power      Damage    Failure   Level
a - Sandblast             Erth           64%        2d14      1%          1
b - Stone Arrow           Conj/Erth      36%        3d9       11%         3
c - Passwall              Tmut/Erth      15%        N/A       4%          2

Your spell library contained the following spells:

 Spells                   Type           Power      Damage    Failure   Level
 Magic Dart               Conj           12%        1d3       19%         1
 Animate Skeleton         Necr           6%         N/A       19%         1
 Apportation              Tloc           6%         N/A       19%         1
 Shock                    Conj/Air       12%        1d3       19%         1
 Summon Small Mammal      Summ           12%        N/A       19%         1
 Petrify                  Tmut/Erth      19%        N/A       30%         4
 Ignite Poison            Fire/Tmut/Pois 4%         N/A       45%         3
 Conjure Flame            Conj/Fire      3%         6-21      50%         3
 Swiftness                Air            3%         N/A       50%         3
 Airstrike                Air            1%         N/A       88%         4
 Sticky Flame             Conj/Fire      3%         2d3       88%         4


Dungeon Overview and Level Annotations

Branches:
Dungeon (6/15)              Sewer (visited)
 Temple: D:4-7

Altars:
Vehumet
Zin

Annotations:
D:6 2 runed translucent doors, WaxSun's ghost, amateur OgFE


Innate Abilities, Weirdness & Mutations

You are immune to sickness and miasma.
Your stone body is resilient. (AC +5)
You are immune to poison.
You resist negative energy. (rN+)
You are resistant to electric shocks. (rElec)
You are resistant to unholy torment.
You are immune to petrification.


Message History

Aim: an ice beast (almost dead, 82% to hit)
The blast of sand hits the ice beast.
You kill the ice beast!
Vehumet accepts your kill.
You feel your power returning. The ice beast closely misses you.
Casting: Sandblast (safe; 1% risk of failure)
Confirm with . or Enter, or press ? or * to list all spells.
Aiming: Sandblast (safe; 1% risk of failure)
Press: ? - help, Shift-Dir - straight line, f - ice beast
Aim: an ice beast (82% to hit)
The blast of sand hits the ice beast!
The ice beast is moderately wounded.
The ice beast misses you.
Casting: Sandblast (safe; 1% risk of failure)
Confirm with . or Enter, or press ? or * to list all spells.
Aiming: Sandblast (safe; 1% risk of failure)
Press: ? - help, Shift-Dir - straight line, f/p - ice beast
Aim: an ice beast (moderately wounded, 82% to hit)
The blast of sand misses the ice beast.
The ice beast hits you. The ice beast freezes you!
* * * LOW HITPOINT WARNING * * *
Casting: Sandblast (safe; 1% risk of failure)
Confirm with . or Enter, or press ? or * to list all spells.
Aiming: Sandblast (safe; 1% risk of failure)
Press: ? - help, Shift-Dir - straight line, f/p - ice beast
Aim: an ice beast (moderately wounded, 82% to hit)
The blast of sand hits the ice beast!
The ice beast is severely wounded.
The ice beast hits you but does no damage.
Casting: Sandblast (safe; 1% risk of failure)
Confirm with . or Enter, or press ? or * to list all spells.
Aiming: Sandblast (safe; 1% risk of failure)
Press: ? - help, Shift-Dir - straight line, f/p - ice beast
Aim: an ice beast (severely wounded, 82% to hit)
The blast of sand hits the ice beast.
The ice beast is almost dead.
The ice beast hits you.
* * * LOW HITPOINT WARNING * * *
The ice beast freezes you!
You die...

#. .....#.# #
#.##....#.# #.
#.$.....#.# ###.#
........#.##### ##....
............... ......
....>.......... ......
.....<.n........# #....
....###Y#######.# #....
.......@#######.# #....
....##........#.# #....
.. #........#.# #....
#####........#.# #....
.............#.# #....
...............# #....
..........)...### ##...
..............# #....
..............######.[..


You could see an ice beast and a necrophage.

Vanquished Creatures
  An ice beast (D:6)
  An ogre (D:6)
  A black bear (D:5)
  A necrophage (D:6)
  A kobold brigand (D:5)
  2 bullfrogs (Sewer)
  2 scorpions
  3 water moccasin skeletons
  A bullfrog zombie (D:6)
  2 hounds
  An orc priest (D:6)
  2 iguanas
  The ghost of Juicyj the Stinger, a weakling DrVM of Dithmenos (D:5)
  A hound skeleton (D:4)
  7 gnolls
  10 adders
  3 worms
  A dart slug (D:1)
  16 orcs
  9 endoplasms
  8 giant cockroaches
  4 goblins
  11 hobgoblins
  6 kobolds
  15 quokkas
  9 ball pythons
  10 bats
  8 frilled lizards
  5 rats
142 creatures vanquished.

Notes
Turn   | Place    | Note
-------+----------+-------------------------------------------
     0 | D:1      | zeratav the Gargoyle Earth Elementalist began the quest for
                  | the Orb.
     0 | D:1      | Reached XP level 1. HP: 10/10 MP: 3/3
   136 | D:1      | Reached XP level 2. HP: 8/16 MP: 3/5
   141 | D:1      | Reached skill level 1 in Fighting
   144 | D:1      | Found a faded altar of an unknown god.
   329 | D:1      | Reached skill level 4 in Earth Magic
   858 | D:1      | Reached XP level 3. HP: 17/20 MP: 1/6
  1700 | D:2      | Reached XP level 4. HP: 26/26 MP: 5/7
  2138 | D:2      | Learned a level 3 spell: Stone Arrow
  2141 | D:2      | Learned a level 2 spell: Passwall
  2482 | D:2      | Reached skill level 1 in Evocations
  3187 | D:3      | Reached skill level 5 in Earth Magic
  3187 | D:3      | Reached XP level 5. HP: 25/32 MP: 4/9
  3231 | D:3      | Found a radiant altar of Vehumet.
  3426 | D:3      | Became a worshipper of Vehumet
  3743 | D:3      | Reached XP level 6. HP: 24/37 MP: 0/10
  4051 | D:4      | Found a glowing drain.
  4072 | Sewer    | Entered a sewer
  4185 | Sewer    | Reached * piety under Vehumet
  4185 | Sewer    | Offered knowledge of Foxfire by Vehumet.
  4510 | Sewer    | Reached skill level 6 in Earth Magic
  4512 | Sewer    | Reached XP level 7. HP: 26/44 MP: 6/11
  4749 | D:4      | Offered knowledge of Magic Dart by Vehumet.
  4751 | D:4      | Reached ** piety under Vehumet
  5026 | D:4      | Found a glowing silver altar of Zin.
  5140 | D:5      | Entered Level 5 of the Dungeon
  5233 | D:5      | Reached skill level 5 in Fighting
  5329 | D:5      | Found a runed translucent gate.
  5345 | D:5      | Found a runed translucent gate.
  5346 | D:5      | Found a runed translucent gate.
  5347 | D:5      | Noticed Juicyj's ghost (weakling DrVM)
  5357 | D:5      | Killed Juicyj's ghost
  5358 | D:5      | Reached skill level 7 in Earth Magic
  5466 | D:6      | Found a runed translucent door.
  5468 | D:6      | Noticed WaxSun's ghost (amateur OgFE)
  5483 | D:6      | Reached XP level 8. HP: 50/50 MP: 8/13
  5590 | D:6      | Found a runed translucent door.
  5767 | D:6      | Slain by an ice beast

Illustrated notes

Levels and vault maps discovered:
D:1:      saegor_arrival_under_anarchy, layout_loops_ring,
          chequers_ecumenical_altar_simple_redux
D:2:      minmay_alternating_diamond, layout_basic, chequers_mini_garden,
          minmay_unequal
D:3:      layout_loops_cross, nicolae_vehumet_radiance, fountainhead
D:4:      layout_rooms, zin_scriptorium, cheibrodos_sewer_entry_drain
D:5:      layout_loops_cross, ebering_ghost_rock_garden, serial_shops,
          nicolae_shop_advertising_works [nicolae_subvault_shop_adworks]
D:6:      layout_basic, ebering_ghost_sewer_f

Skill      XL: |  1  2  3  4  5  6  7  8 |
---------------+-------------------------+-----
Fighting       | 1 2 3 4 5 6 |  6.3
Earth Magic    | 4 5 6 7 |  7.9
Evocations     | 1 2 3 |  3.3
Spellcasting   | 3 4 |  4.1
Dodging        | |  1.5
Stealth        | |  2.1
Transmutations | |  0.7

Action                   |  1- 3 |  4- 6 |  7- 9 || total
-------------------------+-------+-------+-------++-------
Melee: Staff             |     6 |       |       ||     6
       Hand axe          |    32 |     8 |       ||    40
       Dagger            |       |    48 |    18 ||    66
 Cast: Sandblast         |    30 |   116 |    70 ||   216
       Stone Arrow       |       |     2 |     1 ||     3
  Use: Scroll            |       |       |     9 ||     9
 Stab: Sleeping          |     1 |     1 |     2 ||     4
Armor: Robe              |    16 |    23 |       ||    39
       Leather armour    |       |    18 |    14 ||    32
Dodge: Dodged            |    42 |    58 |    21 ||   121
